 Dungeon Crawl Stone Soup version 0.28-a0-1404-g4df0f3684d (webtiles) character file.

Game seed: 12256091202199106571

98 southernslant the Poker (level 4, -4/35 HPs)
             Began as a Merfolk Gladiator on Jan 5, 2022.
             Slain by a steam dragon (9 damage)
             ... on level 3 of the Dungeon.
             The game lasted 00:11:29 (1315 turns).

southernslant the Poker (Merfolk Gladiator)         Turns: 1315, Time: 00:11:29

Health: -4/35      AC:  8    Str: 16    XL:     4   Next: 71%
Magic:  5/5        EV: 13    Int:  7    God:
Gold:   82         SH:  0    Dex: 15    Spells: 5/5 levels left

rFire   . . .      SeeInvis +   a - +0 trident
rCold   . . .      Faith    .   (no shield)
rNeg    . . .      Spirit   .   b - +0 leather armour
rPois   .          Reflect  .   c - +0 helmet
rElec   .          Harm     .   (no cloak)
rCorr   .          Rampage  .   (no gloves)
Will    .....                   (no boots)
Stlth   +.........              (no amulet)
HPRegen 0.11/turn               j - +4 ring of protection
MPRegen 0.09/turn               o - ring of see invisible

@: no status effects
A: (nimble swimmer 2), mertail
a: no special abilities


You were on level 3 of the Dungeon.
You visited 1 branch of the dungeon, and saw 3 of its levels.

You collected 82 gold pieces.

Inventory:

Hand Weapons
 a - a +0 trident (weapon)
Missiles
 d - 3 throwing nets
 g - 159 stones (quivered)
 k - 2 silver boomerangs
Armour
 b - a +0 leather armour (worn)
 c - a +0 helmet (worn)
Jewellery
 j - a +4 ring of protection (left hand)
 o - a ring of see invisible (right hand)
Scrolls
 e - a scroll of amnesia {unknown}
 f - a scroll of noise {unknown}
 h - 2 scrolls of identify {unknown}
 i - a scroll of fog {unknown}
 n - a scroll of vulnerability {unknown}
 q - a scroll of enchant weapon {unknown}
Potions
 l - a potion of lignification {unknown}
 m - 2 potions of brilliance {unknown}
 p - a potion of curing {unknown}


   Skills:
 * Level 3.0 Fighting
 + Level 5.5 Polearms
 + Level 2.2 Throwing
 * Level 0.8 Armour
 + Level 4.5 Dodging
 - Level 0.7 Stealth
 + Level 1.1 Spellcasting


You had 5 spell levels left.
You didn't know any spells.
Your spell library contained the following spells:

 Spells                   Type           Power      Damage    Failure   Level
 Animate Skeleton         Necr           0%         N/A       45%         1
 Pain                     Necr           0%         1d4       45%         1
 Dazzling Flash           Conj/Hex       0%         N/A       83%         3
 Portal Projectile        Hex/Tloc       0%         N/A       83%         3
 Vampiric Draining        Necr           0%         2d6       83%         3
 Iskenderun's Mystic Bla  Conj/Tloc      0%         2d3       99%         4
 Blade Hands              Tmut           0%         N/A       100%        5
 Excruciating Wounds      Necr           0%         N/A       100%        5
 Starburst                Conj/Fire      0%         6d3       100%        6


Dungeon Overview and Level Annotations

Branches:
Dungeon (3/15)

Altars:
Kikubaaqudgha


Innate Abilities, Weirdness & Mutations

((You are very nimble when in or above water. (Stealth+, EV+, Speed+++)))
Your lower body shifts to a powerful aquatic tail in water.


Message History

The adder bites you. The adder barely misses you.
You barely miss the adder.
The adder is heavily wounded.
The adder bites you but does no damage.
You puncture the adder!
You kill the adder!
You puncture the steam dragon!
The steam dragon is moderately wounded.
The steam dragon closely misses you. The steam dragon misses you.
You puncture the steam dragon!
The steam dragon is severely wounded.
The steam dragon closely misses you.
The steam dragon claws you but does no damage.
You barely miss the steam dragon.
The steam dragon is severely wounded.
The steam dragon bites you. The steam dragon barely misses you.
You closely miss the steam dragon.
The steam dragon is severely wounded.
The steam dragon misses you. The steam dragon closely misses you.
You barely miss the steam dragon.
The steam dragon is severely wounded.
The steam dragon misses you. The steam dragon barely misses you.
You closely miss the steam dragon.
The steam dragon is severely wounded.
The steam dragon misses you. The steam dragon barely misses you.
You barely miss the steam dragon.
The steam dragon is severely wounded.
The steam dragon breathes steam at you. The ball of steam hits you!
You hit the steam dragon.
The steam dragon is almost dead.
You are engulfed in a cloud of scalding steam.
The steam dragon bites you.
* * * LOW HITPOINT WARNING * * *
The steam dragon claws you.
* * * LOW HITPOINT WARNING * * *
You barely miss the steam dragon.
The steam dragon is almost dead.
The steam dragon bites you!
You die...

.####.#....#.# ### .#
#......## ##.. # .#
###...#.###.##.#
.########.#...#.)...#
†............#.#.####
..#######.#..###§#
..# #.#..# #)# #.#
.....# #§# #.#
.###..# #@# #.# #.
#..# #D# #.# .... ...
#.# ...(# .. # ####.#
.## .# ### .... .#
........ .# ##......


You could see a steam dragon (catching breath).

Vanquished Creatures
  Natasha (D:2)
  3 adders
  A dart slug (D:2)
  3 ball pythons
  6 endoplasms
  6 giant cockroaches
  5 hobgoblins
  3 kobolds (D:2)
  2 quokkas
  3 bats
  A frilled lizard (D:1)
  2 goblins
  8 rats
44 creatures vanquished.

Notes
Turn   | Place    | Note
-------+----------+-------------------------------------------
     0 | D:1      | southernslant the Merfolk Gladiator began the quest for the
                  | Orb.
     0 | D:1      | Reached XP level 1. HP: 16/16 MP: 1/1
   273 | D:1      | Reached XP level 2. HP: 23/23 MP: 2/2
   311 | D:1      | Reached skill level 5 in Polearms
   702 | D:2      | Reached XP level 3. HP: 24/28 MP: 3/3
   839 | D:2      | Found an ancient bone altar of Kikubaaqudgha.
  1067 | D:2      | Noticed Natasha
  1082 | D:2      | Killed Natasha
  1083 | D:2      | Reached XP level 4. HP: 31/34 MP: 3/5
  1219 | D:3      | Found a faded altar of an unknown god.
  1246 | D:3      | Reached skill level 1 in Spellcasting
  1299 | D:3      | Noticed a steam dragon
  1315 | D:3      | Slain by a steam dragon

Illustrated notes

Levels and vault maps discovered:
D:1:      minmay_arrival_split_and_join, layout_rooms,
          chequers_serial_rivers_small_b
D:2:      layout_basic, basic_altar, minmay_between, uniq_natasha
D:3:      layout_loops_ring, mainiacjoe_overflow_alcove_2,
          ebering_ecumenical_altar_mist

Skill      XL: |  1  2  3  4 |
---------------+-------------+-----
Polearms       | 5 |  5.5
Fighting       | 3 |  3.0
Spellcasting   | 1 |  1.1
Throwing       | |  2.2
Armour         | |  0.8
Dodging        | |  4.5
Stealth        | |  0.7

Action                   |  1- 3 |  4- 6 || total
-------------------------+-------+-------++-------
Melee: Trident           |   104 |    34 ||   138
       Punch             |       |     1 ||     1
Throw: Stone             |     6 |     1 ||     7
 Stab: Sleeping          |     4 |     1 ||     5
Armor: Leather armour    |    25 |    10 ||    35
Dodge: Dodged            |    52 |    21 ||    73

Table legend: (Time is in decaauts)
 A = Elapsed time spent in this place.
 B = Non-inter-level travel time spent in this place.
 C = Inter-level travel time spent in this place.
 D = Time resting spent in this place.
 E = Time spent auto-exploring this place.
 F = Levels seen in this place.
 G = Mean time per level.
                   A        B        C        D        E       F      G
               +--------+--------+--------+--------+--------+-----+--------+
         Total |   1311 |   1311 |      0 |      0 |    888 |   3 |  437.0 |
       Dungeon |   1311 |   1311 |      0 |      0 |    888 |   3 |  437.0 |
               +--------+--------+--------+--------+--------+-----+--------+

Top non-repeatable levels by time:
     D:1: 622 daAuts
     D:2: 589 daAuts
     D:3: 99 daAuts
